[Event "ICCopen2017"]
[Site "Internet Chess Club"]
[Date "2017.04.02"]
[Round "6"]
[White "LevAbramovich"]
[Black "SurferRosa"]
[Result "0-1"]
[ICCResult "White forfeits on time"]
[WhiteElo "2050"]
[BlackElo "2606"]
[Opening "Queen's pawn game, Darooha variation "]
[ECO "D02"]
[NIC "QP.06"]
[Time "20:06:24"]
[TimeControl "180+0"]

1. d4 Nf6 2. Nf3 d5 3. g3 g6 4. Bg2 Bg7 5. O-O Nbd7 6. b3 O-O 7. Bb2 b6 8.
Nbd2 Bb7 9. c4 e6 10. Rc1 Re8 11. Ne5 Nxe5 12. dxe5 Nd7 13. f4 a5 14. Nb1
Nc5 15. Nc3 dxc4 16. Bxb7 Nxb7 17. bxc4 Qe7 18. Ne4 Rad8 19. Qc2 Nc5 20. Ba3
Rd4 21. Bxc5 bxc5 22. e3 Rd7 23. Rfd1 Red8 24. Rxd7 Rxd7 25. Rd1 Rxd1+ 26.
Qxd1 h6 27. Qa4 g5 28. Qc6 Qd8 29. Qxc5 Qd3 30. Qd4 Qb1+ 31. Kg2 Qxa2+ 32.
Kh3 g4+ 33. Kxg4 Qxh2 34. Qd8+ Kh7 35. Qe7 h5+ 36. Kf3 Qh1+ 37. Kf2 Qxe4 38.
Qxf7 Qc2+ 39. Kf3 Qf5 40. Qxc7 a4 41. Qa7 Qg4+ 42. Kf2 h4 43. gxh4 Qxh4+ 44.
Ke2 Qh2+ 45. Kd3 Qa2 46. c5 Qd5+ 47. Kc3 Qb3+ 48. Kd4 a3 49. Qf7 Qb2+ 50.
Ke4 Qc2+ 51. Kf3 Qg6 52. Qa7 Qh5+ 53. Ke4 Qh1+ 54. Kd4 Qd5+ 55. Kc3 a2 56.
Kb2 Qc4 57. Ka1 Qe2 58. Qxa2 Qxe3 59. Qb2 Qxf4 60. Qg2 Bxe5+ 61. Ka2 Qa4+
62. Kb1 Qa1+ 63. Kc2 Qb2+ 64. Kd3 Qxg2 65. Kc4 Qd5+ 66. Kb5 Bd4 67. Kb4
Qxc5+ 68. Kb3 e5 69. Ka2 e4 70. Kb3 Qe5 71. Ka2 e3 72. Kb3 Qe6+ 73. Kc2 e2
74. Kd3 Qe3+ 75. Kc4 Qe4 {White forfeits on time} 0-1

[Event "ICCopen2017"]
[Site "Internet Chess Club"]
[Date "2017.04.02"]
[Round "6"]
[White "Bonao"]
[Black "sonofmarabu"]
[Result "1-0"]
[ICCResult "Black resigns"]
[WhiteElo "1884"]
[BlackElo "1668"]
[Opening "Queen's bishop game"]
[ECO "D02"]
[NIC "QP.08"]
[Time "20:07:20"]
[TimeControl "180+0"]

1. d4 d5 2. Nf3 Nf6 3. Bf4 e6 4. e3 Bd6 5. Bd3 c6 6. O-O O-O 7. c3 Qc7 8.
Bg3 Nbd7 9. Nbd2 Re8 10. Re1 Nf8 11. a4 Ng6 12. a5 Bd7 13. Qc2 b6 14. axb6
axb6 15. b4 b5 16. Nb3 e5 17. dxe5 Nxe5 18. Nxe5 Bxe5 19. Nc5 Bxg3 20. hxg3
h6 21. Qb2 Ne4 22. Nxe4 dxe4 23. Rxa8 Rxa8 24. Bxe4 Re8 25. Bf3 Be6 26. Rd1
Bc4 27. Qd2 Be6 28. Qd6 Qxd6 29. Rxd6 Bd5 30. Bxd5 cxd5 31. Rxd5 Rc8 32.
Rxb5 Rxc3 33. Rb7 Rb3 34. e4 Kh7 35. f3 Kg6 36. g4 Kf6 37. Kf2 g5 38. Kg3
Ke6 39. b5 Rb4 40. b6 f6 41. Rb8 Kd7 42. b7 Kc7 43. Rf8 Rb6 44. b8=Q+ Rxb8
45. Rxf6 Rh8 46. f4 Kd7 47. f5 Ke7 48. e5 h5 49. gxh5 Rxh5 50. Kg4 Rh2 51.
g3 Rg2 52. Rg6 Re2 53. e6 Re5 54. Kxg5 Kf8 55. g4 Rxf5+ 56. gxf5 Ke7 57.
Rg7+ Kd6 58. Ra7 Ke5 59. e7 Ke4 60. e8=Q+ Kd3 61. Rd7+ Kc2 62. Qc8+
{Black resigns}
1-0

[Event "ICCopen2017"]
[Site "Internet Chess Club"]
[Date "2017.04.02"]
[Round "6"]
[White "anan"]
[Black "tonychess2014"]
[Result "1-0"]
[ICCResult "Black forfeits on time"]
[WhiteElo "1602"]
[BlackElo "1739"]
[Opening "Sicilian: dragon variation"]
[ECO "B70"]
[NIC "SI.15"]
[Time "20:07:07"]
[TimeControl "180+0"]

1. e4 c5 2. Nf3 d6 3. d4 cxd4 4. Nxd4 Nf6 5. Nc3 g6 6. Be2 Bg7 7. g4 Nc6 8.
Be3 Nxd4 9. Bxd4 O-O 10. g5 Nd7 11. Bxg7 Kxg7 12. Qd2 Ne5 13. O-O-O Be6 14.
Nd5 Bxd5 15. exd5 Rc8 16. f4 Nd7 17. h4 Qb6 18. h5 Rh8 19. h6+ Kf8 20. Kb1
Nc5 21. Qd4 Rg8 22. Qc3 Rc7 23. Rd4 Na4 24. Qb4 Qxb4 25. Rxb4 Nb6 26. Bf3
Ke8 27. Rd1 Kd7 28. Bg4+ e6 29. dxe6+ fxe6 30. Re4 Re8 31. Rde1 Rc4 32.
Bxe6+ Rxe6 33. Rxe6 Rxf4 34. Re7+ Kc6 35. Rxh7 Rg4 36. Rg7 Rxg5 37. h7 Rh5
38. b3 Nd5 39. Re8 Rh1+ 40. Kb2 Nf6 41. h8=Q Nxe8 42. Qxe8+ Kb6 43. Qd7 Ka6
44. Qxb7+ Ka5 45. Qxa7+ Kb4 46. Qb7+ Kc5 47. Rd7 Kd4 48. Qb6+ Ke4 49. Qb7+
Kf5 50. Qxh1 {Black forfeits on time} 1-0

[Event "ICCopen2017"]
[Site "Internet Chess Club"]
[Date "2017.04.02"]
[Round "6"]
[White "unkavalo"]
[Black "SIRPALADIN"]
[Result "1-0"]
[ICCResult "Black resigns"]
[WhiteElo "2357"]
[BlackElo "1865"]
[Opening "King's Indian: fianchetto, Yugoslav, 7.O-O"]
[ECO "E65"]
[NIC "KI.69"]
[Time "20:07:30"]
[TimeControl "180+0"]

1. c4 Nf6 2. Nc3 c5 3. Nf3 d6 4. g3 g6 5. Bg2 Bg7 6. O-O O-O 7. d4 cxd4 8.
Nxd4 Nc6 9. Nxc6 bxc6 10. Bxc6 Rb8 11. Bg2 Qa5 12. Qd3 Ba6 13. b3 Nd7 14.
Bd2 Nc5 15. Qe3 Qd8 16. h4 Ne6 17. h5 Bd4 18. Qd3 Bg7 19. hxg6 hxg6 20. Bd5
Nc5 21. Qc2 e6 22. Bf3 Qf6 23. Kg2 Bb7 24. Rh1 Nd7 25. Ne4 Qe7 26. Bg5 f6
27. Be3 Ne5 28. Rad1 Rbd8 29. Bf4 Nxf3 30. exf3 d5 31. cxd5 Bxd5 32. Nc3 Bb7
33. Qxg6 Rxd1 34. Nxd1 Rf7 35. Ne3 Qd7 36. Ng4 Kf8 37. Rc1 Bc6 38. Qc2 Bd5
39. Qc5+ Kg8 40. Ne3 Bf8 41. Qc8 Qb5 42. Bh6 Qe2 43. Nxd5 exd5 44. Bxf8 Rxf8
45. Qg4+ Kf7 46. Rc7+ {Black resigns} 1-0

[Event "ICCopen2017"]
[Site "Internet Chess Club"]
[Date "2017.04.02"]
[Round "6"]
[White "MassCarnage"]
[Black "HuevosDeLeon"]
[Result "0-1"]
[ICCResult "White forfeits on time"]
[WhiteElo "1971"]
[BlackElo "2538"]
[Opening "Alekhine's defense: Balogh variation"]
[ECO "B03"]
[NIC "AL.09"]
[Time "20:07:15"]
[TimeControl "180+0"]

1. e4 Nf6 2. e5 Nd5 3. d4 d6 4. Bc4 c6 5. Qf3 dxe5 6. dxe5 Nd7 7. Qg3 g6 8.
Nf3 Bg7 9. Bd2 Qc7 10. Bxd5 cxd5 11. e6 Ne5 12. exf7+ Kxf7 13. Bc3 Nxf3+ 14.
gxf3 Qxg3 15. hxg3 e5 16. b3 Bf5 17. Na3 Rac8 18. Nb5 Rhd8 19. g4 Bxc2 20.
Kd2 d4 21. Bb2 e4 22. Rxh7 Kg8 23. Rxg7+ Kxg7 24. Bxd4+ Kg8 25. Rc1 a6 26.
Rxc2 Rxc2+ 27. Kxc2 axb5 28. Kc3 exf3 29. Be3 Kf7 30. Kb4 Rd5 31. a4 bxa4
32. bxa4 Ke6 33. Kc4 Ke5 34. Bb6 Ke4 35. a5 Rg5 36. Bd8 Rxg4 37. Kb5 Rg1 38.
Kb6 Rb1+ 39. Ka7 Kd3 40. Bb6 Ke2 41. Kxb7 Rxb6+ 42. Kxb6 Kxf2 43. a6 Kg2 44.
a7 Kg1 45. a8=Q f2 46. Qf3 f1=Q 47. Qg4+ Qg2 48. Qxg6 Qxg6+
{White forfeits on time}
0-1

[Event "ICCopen2017"]
[Site "Internet Chess Club"]
[Date "2017.04.02"]
[Round "6"]
[White "vishweshk"]
[Black "croder"]
[Result "1-0"]
[ICCResult "Black checkmated"]
[WhiteElo "1842"]
[BlackElo "1586"]
[Opening "Vienna game"]
[ECO "C25"]
[NIC "VG.04"]
[Time "20:07:39"]
[TimeControl "180+0"]

1. e4 e5 2. Nc3 d6 3. Bc4 Be6 4. Bxe6 fxe6 5. d4 exd4 6. Qxd4 Qd7 7. Nf3 Nc6
8. Qd1 O-O-O 9. O-O Nge7 10. Be3 h6 11. Nd4 Nxd4 12. Qxd4 Nc6 13. Qa4 a6 14.
b4 Nb8 15. b5 g5 16. Rab1 Bg7 17. Qb3 a5 18. b6 c6 19. Rfd1 d5 20. exd5 exd5
21. Na4 Na6 22. Nc5 Nxc5 23. Bxc5 d4 24. Qa4 Qd5 25. Qxa5 Kd7 26. Qb4 Ke6
27. Re1+ Kf7 28. Re7+ Kg6 29. Rbe1 Qxa2 30. Qd2 Rhg8 31. Qd3+ Kh5 32. h3 Bf6
33. g4+ Kh4 34. Qg3# {Black checkmated} 1-0

[Event "ICCopen2017"]
[Site "Internet Chess Club"]
[Date "2017.04.02"]
[Round "6"]
[White "MDRAFE3"]
[Black "bennywins"]
[Result "1-0"]
[ICCResult "Black forfeits on time"]
[WhiteElo "1988"]
[BlackElo "1535"]
[Opening "Queen's pawn game"]
[ECO "D05"]
[NIC "QP.08"]
[Time "20:07:23"]
[TimeControl "180+0"]

1. d4 d5 2. Nf3 Nf6 3. e3 e6 4. Bd3 Bd6 5. Nbd2 Nbd7 6. e4 dxe4 7. Nxe4 Nxe4
8. Bxe4 O-O 9. O-O c6 10. c3 Nb6 11. Bc2 Qc7 12. Qd3 g6 13. Bh6 Re8 14. h3
Bf8 15. Qe3 Qe7 16. Bg5 Qd6 17. Ne5 Nd7 18. Bf4 Nxe5 19. Bxe5 Qe7 20. Qf4
Bg7 21. Bxg7 Kxg7 22. Rae1 Bd7 23. h4 Qf6 24. Qg5 Qxg5 25. hxg5 h6 26. f4
hxg5 27. fxg5 Rh8 28. Re5 Rh5 29. Bd1 Rh4 30. Bf3 Rah8 31. Kf2 Rf4 32. g3
Rf5 33. Rxf5 gxf5 34. Ke3 Kg6 35. Kf4 Rh2 36. Rb1 Rf2 37. Ke3 Rh2 38. Kf4
Rf2 39. a4 b6 40. b4 Rc2 41. Rb3 c5 42. dxc5 Bxa4 43. Ra3 Bb5 44. Rxa7 bxc5
45. Rb7 Be2 46. Bxe2 Rxe2 47. bxc5 Rc2 48. c6 Rxc3 49. c7 Rc4+ 50. Ke5 Kxg5
51. Kd6 Rd4+ 52. Ke7 Rc4 53. Kxf7 Kg4 54. Kxe6 Kxg3 55. Kxf5 Rc5+ 56. Ke6
Rc6+ 57. Kd7 Rc3 58. c8=Q Rxc8 59. Kxc8 Kf4 60. Re7 Kf3 61. Kd7 Kf4 62. Kd6
Kf5 63. Re8 Kf4 64. Kd5 Kf5 65. Rf8+ {Black forfeits on time} 1-0

[Event "ICCopen2017"]
[Site "Internet Chess Club"]
[Date "2017.04.02"]
[Round "6"]
[White "aravind6904"]
[Black "chess-caleb"]
[Result "0-1"]
[ICCResult "White forfeits on time"]
[WhiteElo "1421"]
[BlackElo "1728"]
[Opening "Four knights: Spanish variation"]
[ECO "C48"]
[NIC "KP.03"]
[Time "20:07:20"]
[TimeControl "180+0"]

1. e4 e5 2. Nf3 Nc6 3. Nc3 Nf6 4. Bb5 d6 5. O-O Bd7 6. d3 a6 7. Bxc6 Bxc6 8.
h3 Be7 9. Be3 O-O 10. Re1 Re8 11. Bg5 h6 12. Bh4 Nd7 13. Bxe7 Qxe7 14. Nd5
Qd8 15. c4 Nf6 16. b3 Nxd5 17. exd5 Bd7 18. Rc1 b6 19. Qc2 f5 20. Rcd1 Qf6
21. Qb1 g5 22. Nh2 Re7 23. Qc2 Rae8 24. Qe2 Qg6 25. d4 e4 26. Qd2 f4 27. Ng4
h5 28. Nh2 Qf6 29. Nf1 Kg7 30. Nh2 Kh6 31. Kh1 e3 32. fxe3 Rxe3 33. Rxe3
Rxe3 34. Nf1 Re4 35. Nh2 Qe7 36. Nf1 Re2 37. Qd3 Be8 38. Kg1 Bg6 39. Qc3 Qe4
40. Qf3 Qc2 41. Ra1 Be4 {White forfeits on time} 0-1

[Event "ICCopen2017"]
[Site "Internet Chess Club"]
[Date "2017.04.02"]
[Round "6"]
[White "charlestehace"]
[Black "gannikus1992"]
[Result "1-0"]
[ICCResult "Black checkmated"]
[WhiteElo "2826"]
[BlackElo "2463"]
[Opening "Queen's pawn: London system"]
[ECO "A45"]
[NIC "QP.07"]
[Time "20:07:14"]
[TimeControl "180+0"]

1. d4 Nf6 2. Bf4 c6 3. e3 d5 4. h3 a6 5. Nf3 Bf5 6. c4 e6 7. Nc3 Nbd7 8. Be2
b5 9. c5 Be7 10. O-O O-O 11. Bh2 Ne4 12. Nd2 Nxd2 13. Qxd2 f6 14. Bf3 a5 15.
Rad1 a4 16. e4 Bg6 17. exd5 exd5 18. Rfe1 Bf7 19. a3 Re8 20. Na2 Bf8 21. Nb4
Rxe1+ 22. Rxe1 Qc8 23. Qf4 Qb7 24. Qc7 Qxc7 25. Bxc7 Rc8 26. Bg3 g6 27. Kf1
f5 28. Ke2 Bg7 29. Kd3 g5 30. Re7 Nf6 31. Rc7 Rxc7 32. Bxc7 Be8 33. Be5 Kf7
34. Ke3 Ke7 35. Be2 f4+ 36. Kd3 Bg6+ 37. Kd2 Ne4+ 38. Ke1 Bxe5 39. Nxc6+ Ke6
40. Nxe5 Be8 41. Bg4+ Ke7 42. Bf5 h5 43. Ke2 g4 44. hxg4 hxg4 45. Nxg4 Nf6
46. Nxf6 Kxf6 47. Bc8 Ke7 48. Kf3 Kd8 49. Be6 Bc6 50. Kxf4 Ke7 51. Ke5 Be8
52. f4 Bh5 53. f5 b4 54. f6+ Kf8 55. axb4 a3 56. bxa3 Be8 57. c6 Bxc6 58.
Bxd5 Ba4 59. Be6 Bb5 60. d5 Be8 61. d6 Bc6 62. d7 Bb5 63. d8=Q+ Be8 64. Qe7#
{Black checkmated}
1-0

[Event "ICCopen2017"]
[Site "Internet Chess Club"]
[Date "2017.04.02"]
[Round "6"]
[White "Harmony1957"]
[Black "RdgMx"]
[Result "1-0"]
[ICCResult "Black checkmated"]
[WhiteElo "2222"]
[BlackElo "1851"]
[Opening "QGD: 6.Nf3"]
[ECO "D55"]
[NIC "QO.17"]
[Time "20:08:05"]
[TimeControl "180+0"]

1. d4 e6 2. Nf3 d5 3. c4 Nf6 4. Nc3 Be7 5. Bg5 O-O 6. e3 c6 7. Qc2 Nbd7 8.
Rd1 h6 9. Bf4 b6 10. cxd5 cxd5 11. Bd3 Bb7 12. h3 a6 13. O-O b5 14. a4 b4
15. Na2 a5 16. Bc7 Qc8 17. Nc1 Bd8 18. Bxd8 Qxc2 19. Bxc2 Rfxd8 20. Nb3 Rdc8
21. Bd3 Ne4 22. Ra1 Nb6 23. Rfb1 Nc4 24. Kf1 f6 25. Ke1 Kf7 26. Bxe4 dxe4
27. Nfd2 Nxd2 28. Kxd2 Bd5 29. Nc5 Rab8 30. Rc1 g5 31. Nd7 Rxc1 32. Rxc1 Rb7
33. Nc5 Ra7 34. Ke2 Ke7 35. f3 exf3+ 36. gxf3 f5 37. e4 fxe4 38. fxe4 Bc6
39. Ke3 Bd7 40. e5 Be8 41. Rf1 Rc7 42. Rf6 Bf7 43. Rxh6 Rc8 44. Rh7 Rg8 45.
d5 Kf8 46. dxe6 Bg6 47. Nd7+ Ke8 48. Nf6+ Kf8 49. e7# {Black checkmated} 1-0

[Event "ICCopen2017"]
[Site "Internet Chess Club"]
[Date "2017.04.02"]
[Round "6"]
[White "Mysterious17"]
[Black "Chaos23"]
[Result "0-1"]
[ICCResult "White checkmated"]
[WhiteElo "1658"]
[BlackElo "1852"]
[Opening "Robatsch (modern) defense"]
[ECO "B06"]
[NIC "KF.06"]
[Time "20:07:26"]
[TimeControl "180+0"]

1. e4 g6 2. Nc3 Bg7 3. f4 a6 4. a4 c5 5. Bc4 e6 6. Nf3 Ne7 7. d3 d5 8. Bb3
Nbc6 9. O-O O-O 10. Qe1 f5 11. e5 h6 12. Ne2 Rb8 13. a5 d4 14. Bd2 Nd5 15.
Qf2 Ndb4 16. Bxb4 Nxb4 17. c3 dxc3 18. bxc3 Nd5 19. Qxc5 g5 20. Bxd5 exd5
21. Rfb1 Rf7 22. Rb6 g4 23. Nd2 Bf8 24. Qd4 Qc7 25. Ng3 Bc5 26. Qxc5 Qxc5+
27. Kh1 Qxc3 28. Ndf1 Qxa1 29. Kg1 Qxa5 30. Kh1 Qxb6 31. h3 gxh3 32. Kh2 a5
33. gxh3 a4 34. Kh1 a3 35. Kh2 a2 36. Kh1 a1=Q 37. Kh2 Qf2+ 38. Kh1 Qd1 39.
h4 Qdf3# {White checkmated} 0-1

[Event "ICCopen2017"]
[Site "Internet Chess Club"]
[Date "2017.04.02"]
[Round "6"]
[White "Shech"]
[Black "BronStorm"]
[Result "1-0"]
[ICCResult "Black forfeits on time"]
[WhiteElo "2427"]
[BlackElo "1935"]
[Opening "Réti opening"]
[ECO "A05"]
[NIC "QP.11"]
[Time "20:07:45"]
[TimeControl "180+0"]

1. Nf3 Nf6 2. g3 b6 3. Bg2 Bb7 4. O-O g6 5. c4 Bg7 6. Nc3 O-O 7. d4 Ne4 8.
Nb1 Qc8 9. b3 c5 10. Bb2 Nc6 11. Nbd2 Nxd2 12. Qxd2 Nxd4 13. Nxd4 Bxg2 14.
Nf5 Qb7 15. Nxe7+ Kh8 16. Bxg7+ Kxg7 17. Rfd1 Rad8 18. Nd5 Bxd5 19. Qc3+ f6
20. Rxd5 Rf7 21. Rad1 Re8 22. e3 Ree7 23. h4 Qc8 24. Rd6 Qf8 25. R1d5 Kg8
26. h5 g5 27. Qd3 Qe8 28. Qf5 Re6 29. h6 Rxd6 30. Rxd6 Qe7 31. Qd5 Kf8 32.
a4 Qe8 33. a5 Qd8 34. axb6 axb6 35. Qb7 {Black forfeits on time} 1-0

[Event "ICCopen2017"]
[Site "Internet Chess Club"]
[Date "2017.04.02"]
[Round "6"]
[White "Barbos"]
[Black "Discoverchess"]
[Result "1-0"]
[ICCResult "Black checkmated"]
[WhiteElo "2427"]
[BlackElo "2626"]
[Opening "English: symmetrical, Benoni formation"]
[ECO "A31"]
[NIC "EO.46"]
[Time "20:07:26"]
[TimeControl "180+0"]

1. d4 Nf6 2. c4 c5 3. Nf3 cxd4 4. Nxd4 e5 5. Nb5 d5 6. cxd5 Bb4+ 7. N5c3
Nxd5 8. Bd2 Nxc3 9. Bxc3 Bxc3+ 10. Nxc3 O-O 11. Qxd8 Rxd8 12. g3 Nc6 13. Bg2
Be6 14. O-O Rac8 15. Rfd1 f6 16. Rxd8+ Rxd8 17. Bxc6 bxc6 18. Rc1 Rd2 19. b3
Rb2 20. Kf1 h5 21. Ke1 Kf7 22. Kd1 Bf5 23. e4 Bg4+ 24. Ke1 Bf3 25. h4 g5 26.
Kf1 gxh4 27. gxh4 Kg6 28. Kg1 f5 29. exf5+ Kxf5 30. Nd1 Rxa2 31. Ne3+ Kf4
32. Rc4+ e4 33. Rc1 Rb2 34. Kf1 Rxb3 35. Ke1 Ke5 36. Rxc6 a5 37. Rc5+ Kd4
38. Rxa5 Rb1+ 39. Kd2 Rb2+ 40. Ke1 Re2+ 41. Kf1 Rb2 42. Kg1 Rb1+ 43. Kh2 Kd3
44. Ra3+ Ke2 45. Ra2+ Ke1 46. Kg3 Rb8 47. Ra1+ Ke2 48. Ra2+ Ke1 49. Nc2+ Kd1
50. Nd4 Rg8+ 51. Kf4 Rg4+ 52. Ke3 Kc1 53. Nb3+ Kb1 54. Ra4 Rxh4 55. Nd2+ Kc1
56. Nxf3 Rh3 57. Rxe4 h4 58. Rxh4 Rh1 59. Rxh1+ Kc2 60. Rh4 Kc3 61. Rd4 Kc2
62. Ne1+ Kb2 63. f4 Kc1 64. f5 Kb2 65. f6 Kb1 66. f7 Kc1 67. f8=Q Kb1 68.
Qc5 Ka1 69. Rb4 Ka2 70. Qa5# {Black checkmated} 1-0

[Event "ICCopen2017"]
[Site "Internet Chess Club"]
[Date "2017.04.02"]
[Round "6"]
[White "km1515"]
[Black "blunderville"]
[Result "1-0"]
[ICCResult "Black resigns"]
[WhiteElo "2056"]
[BlackElo "1530"]
[Opening "Pirc: Ufimtsev-Pytel variation"]
[ECO "B07"]
[NIC "QP.07"]
[Time "20:07:41"]
[TimeControl "180+0"]

1. d4 Nf6 2. Nc3 d6 3. e4 c6 4. Be3 g6 5. f3 Bg7 6. Qd2 b5 7. O-O-O a5 8. g4
Ba6 9. Kb1 b4 10. Nce2 Bxe2 11. Nxe2 Na6 12. Bh6 Bxh6 13. Qxh6 Qb6 14. g5
Nd7 15. Qg7 O-O-O 16. Qxf7 Rhe8 17. Bh3 Rf8 18. Qxe7 Rxf3 19. Bg4 Rf2 20. e5
b3 21. axb3 a4 22. bxa4 Rxe2 23. Bxe2 Nb4 24. Qxd6 Qa5 25. b3 Na6 26. Qxc6+
Nc7 27. Rhf1 Nb6 28. Rf7 Nd5 29. Kb2 Qb4 30. Bf3 Kb8 31. Bxd5 Nxd5 32. Qb5+
Qxb5 33. axb5 Ne3 34. Rd3 Nf1 35. Rxf1 {Black resigns} 1-0

[Event "ICCopen2017"]
[Site "Internet Chess Club"]
[Date "2017.04.02"]
[Round "6"]
[White "domti"]
[Black "tenho"]
[Result "1-0"]
[ICCResult "Black forfeits on time"]
[WhiteElo "1998"]
[BlackElo "1954"]
[Opening "Sicilian defense"]
[ECO "B20"]
[NIC "SI.48"]
[Time "20:07:17"]
[TimeControl "180+0"]

1. e4 c5 2. c4 g6 3. Ne2 Bg7 4. d4 Qb6 5. dxc5 Qxc5 6. Nec3 Nf6 7. Be3 Qa5
8. Bd4 Nc6 9. Bxf6 Bxf6 10. Be2 O-O 11. O-O d6 12. Qd2 Be6 13. Rc1 Rac8 14.
Na3 Ne5 15. Ncb1 Qb6 16. Kf1 a6 17. Rc2 Nc6 18. Nc3 Nd4 19. Rcc1 Qa5 20.
Rab1 Qb4 21. Qd3 Nc6 22. Nd5 Bxd5 23. exd5 Ne5 24. Qb3 Qxb3 25. axb3 a5 26.
Nb5 Nd7 27. Bd1 Nc5 28. Bc2 e6 29. Rd1 exd5 30. Rxd5 Rc6 31. Nxd6 Rd8 32.
Ne4 Be7 33. Nxc5 Rxc5 34. Rxd8+ Bxd8 35. Be4 b6 36. Rd1 Bf6 37. Rd2 Re5 38.
Bd5 Re7 39. g3 Be5 40. f4 Bc7 41. Kg2 Kg7 42. Kf2 Kf6 43. Re2 Rxe2+ 44. Kxe2
h6 45. Kd3 g5 46. fxg5+ hxg5 47. Ke4 g4 48. Bc6 Bd6 49. Bd7 Kg5 50. Kd5 Bc5
51. Kc6 f6 52. Kb5 f5 53. Kc6 f4 54. Kb5 f3 55. Bf5 f2 56. Bd3 f1=Q 57. Bxf1
{Black forfeits on time}
1-0

[Event "ICCopen2017"]
[Site "Internet Chess Club"]
[Date "2017.04.02"]
[Round "6"]
[White "blackending"]
[Black "Magagna"]
[Result "1-0"]
[ICCResult "Black checkmated"]
[WhiteElo "1534"]
[BlackElo "1720"]
[Opening "Petrov: Cozio (Lasker) attack"]
[ECO "C42"]
[NIC "RG.03"]
[Time "20:06:43"]
[TimeControl "180+0"]

1. e4 e5 2. Nf3 Nf6 3. Nxe5 d6 4. Nf3 Nxe4 5. Qe2 Qe7 6. d3 Nf6 7. Bg5 Nc6
8. Bxf6 gxf6 9. Nc3 Bg4 10. h3 Bxf3 11. Qxe7+ Bxe7 12. gxf3 O-O-O 13. O-O-O
f5 14. d4 Bg5+ 15. Kb1 Rhe8 16. Bd3 Nxd4 17. Rhg1 Nxf3 18. Bxf5+ Kb8 19. Rg3
Nd2+ 20. Ka1 Bf4 21. Rg7 Nf3 22. Rxf7 Rf8 23. Rxf8 Rxf8 24. Bxh7 Ng5 25. Bd3
Nxh3 26. f3 Be5 27. Be4 Ng5 28. Rg1 Nxe4 29. fxe4 Bxc3 30. bxc3 b6 31. Kb2
Kb7 32. Rg4 a5 33. a4 c5 34. Kb3 Kc6 35. Kc4 Rf2 36. Kd3 Rf1 37. Rg6 Re1 38.
Rg8 Ra1 39. Rc8+ Kb7 40. Rd8 Kc7 41. Re8 Rxa4 42. e5 dxe5 43. Rxe5 Rh4 44.
Re7+ Kd6 45. Rb7 Kc6 46. Rb8 b5 47. Rc8+ Kd7 48. Rxc5 Rh3+ 49. Kd2 Rh2+ 50.
Kc1 Rh1+ 51. Kb2 b4 52. cxb4 axb4 53. Rb5 Rh4 54. Kb3 Kc6 55. Rxb4 Rxb4+ 56.
Kxb4 Kb6 57. Kc4 Kc6 58. c3 Kd6 59. Kb5 Kd5 60. c4+ Kd6 61. Kb6 Kd7 62. c5
Kd8 63. Kc6 Kc8 64. Kd6 Kd8 65. c6 Kc8 66. c7 Kb7 67. Kd7 Kb6 68. c8=Q Kb5
69. Qc6+ Kb4 70. Kd6 Kb3 71. Kd5 Kb2 72. Kd4 Kb3 73. Qc3+ Ka4 74. Qb2 Ka5
75. Kc5 Ka6 76. Qb6# {Black checkmated} 1-0

[Event "ICCopen2017"]
[Site "Internet Chess Club"]
[Date "2017.04.02"]
[Round "6"]
[White "Rluis"]
[Black "Activekids"]
[Result "0-1"]
[ICCResult "White resigns"]
[WhiteElo "1266"]
[BlackElo "2013"]
[Opening "Caro-Kann: closed (Breyer) variation"]
[ECO "B10"]
[NIC "CK.01"]
[Time "20:07:38"]
[TimeControl "180+0"]

1. e4 c6 2. d3 d5 3. Nd2 e5 4. g3 Bd6 5. Bg2 Nf6 6. Ngf3 O-O 7. O-O Bg4 8.
Re1 Nbd7 9. Nf1 Rc8 10. Bg5 h6 11. Bxf6 Qxf6 12. Ne3 Be6 13. exd5 cxd5 14.
c3 Rfd8 15. Rc1 Nc5 16. b4 Nd7 17. a3 Bb8 18. c4 e4 19. dxe4 dxe4 20. Nd2
Ne5 21. Nxe4 Qg6 22. Nd5 Kf8 23. f4 Nxc4 24. Nec3 Bg4 25. Qb3 Nd2 26. Qa4 a6
27. b5 Bf3 28. Qb4+ Bd6 29. Qd4 Bxg2 30. Qxd2 Bh3 31. Qe3 Bc5 32. Qxc5+ Rxc5
33. Ne4 Rxc1 34. Rxc1 Qxe4 {White resigns} 0-1

[Event "ICCopen2017"]
[Site "Internet Chess Club"]
[Date "2017.04.02"]
[Round "6"]
[White "kabindra"]
[Black "Eigeneier"]
[Result "1-0"]
[ICCResult "Black forfeits on time"]
[WhiteElo "1611"]
[BlackElo "1746"]
[Opening "Sicilian: Smith-Morra gambit"]
[ECO "B21"]
[NIC "SI.48"]
[Time "20:07:32"]
[TimeControl "180+0"]

1. e4 c5 2. d4 cxd4 3. c3 dxc3 4. Nxc3 d6 5. Bc4 e6 6. Nf3 Nc6 7. Bf4 Nf6 8.
O-O a6 9. a4 Be7 10. Qe2 O-O 11. Rfd1 Qc7 12. Rac1 Rd8 13. e5 dxe5 14. Nxe5
Nxe5 15. Bxe5 Rxd1+ 16. Rxd1 Qb6 17. Ne4 Nxe4 18. Qxe4 Qc5 19. Bd3 f5 20.
Qe2 b6 21. Bc3 Ra7 22. Bc4 Kf7 23. Re1 Qc6 24. Qh5+ Kg8 25. Bb3 Bb7 26.
Bxe6+ Kh8 27. Qh3 Bc5 28. Bxf5 h6 29. Bd7 Qg6 30. Re8+ Kh7 31. Bf5 Bxg2 32.
Bxg6+ Kxg6 33. Qxg2+ Kh7 34. Qc6 Rf7 35. Be1 a5 36. Qe4+ g6 37. Qe6 Kg7 38.
Rc8 {Black forfeits on time} 1-0

[Event "ICCopen2017"]
[Site "Internet Chess Club"]
[Date "2017.04.02"]
[Round "6"]
[White "ElMarginal"]
[Black "splashlee2010"]
[Result "0-1"]
[ICCResult "White forfeits on time"]
[WhiteElo "1389"]
[BlackElo "1251"]
[Opening "Dunst (Sleipner, Heinrichsen) opening"]
[ECO "A00"]
[NIC "VO.15"]
[Time "20:07:32"]
[TimeControl "180+0"]

1. Nc3 c6 2. d4 d5 3. Nf3 e6 4. Bf4 Nf6 5. e3 Bd6 6. Bxd6 Qxd6 7. Bd3 O-O 8.
O-O h6 9. h3 Nbd7 10. e4 dxe4 11. Nxe4 Nxe4 12. Bxe4 Nf6 13. Bd3 b5 14. c3
Bb7 15. Ne5 Nd7 16. f4 f6 17. Ng6 Rfe8 18. Qg4 a6 19. Rad1 f5 20. Qg3 Nf6
21. Ne5 Ne4 22. Qg6 Qe7 23. Bxe4 fxe4 24. Rde1 Qf6 25. Qxe4 Re7 26. Ng6 Ree8
27. Qd3 Kf7 28. Ne5+ Kg8 29. g3 Rad8 30. Kh2 c5 31. Qe3 cxd4 32. cxd4 Rd5
33. Rc1 Red8 34. Rfd1 Bc8 35. Rc7 Qf5 36. g4 Qf6 37. Nf3 Bd7 38. Rc5 Bc8 39.
Rxd5 exd5 40. Ne5 Be6 41. Kg3 Rc8 {White forfeits on time} 0-1

[Event "ICCopen2017"]
[Site "Internet Chess Club"]
[Date "2017.04.02"]
[Round "6"]
[White "Kjaan1974"]
[Black "Mormegil"]
[Result "0-1"]
[ICCResult "White forfeits on time"]
[WhiteElo "1504"]
[BlackElo "1765"]
[Opening "KP: Indian opening"]
[ECO "C20"]
[NIC "KP.10"]
[Time "20:07:33"]
[TimeControl "180+0"]

1. e4 e5 2. d3 Nf6 3. a3 Nc6 4. Nc3 d5 5. exd5 Nxd5 6. Nxd5 Qxd5 7. Nf3 Bc5
8. Be2 O-O 9. O-O f5 10. c4 Qf7 11. b4 Bd4 12. Rb1 a6 13. b5 axb5 14. Rxb5
b6 15. Nxd4 exd4 16. Bf3 Bd7 17. Bf4 Ra7 18. Rd5 Be6 19. Rb5 Na5 20. Re1 Rd8
21. Ree5 h6 22. Bh5 g6 23. Bf3 Kh7 24. Qd2 Nb7 25. Bxh6 Rxa3 26. g3 Nc5 27.
Be2 Ra1+ 28. Kg2 Bd7 29. Rbxc5 bxc5 30. Rxc5 Qe6 31. Rxc7 Kh8 32. Qg5 Bc6+
33. Rxc6 Qxc6+ 34. Bf3 Qd6 35. Bd5 Ra7 36. Qh4 Rh7 37. Qg5 Rg8 38. h4 Qe7
39. Qf4 Rd8 40. Bg5 Qd7 41. Bxd8 Qxd8 42. Qxf5 gxf5 43. f4 Rg7 44. Kf3 Qe8
{White forfeits on time}
0-1

[Event "ICCopen2017"]
[Site "Internet Chess Club"]
[Date "2017.04.02"]
[Round "6"]
[White "carbonero1969"]
[Black "glokoll"]
[Result "1-0"]
[ICCResult "Black checkmated"]
[WhiteElo "1801"]
[BlackElo "1559"]
[Opening "Robatsch defense"]
[ECO "B06"]
[NIC "KF.06"]
[Time "20:08:47"]
[TimeControl "180+0"]

1. e4 g6 2. Nc3 Bg7 3. d4 c5 4. Nge2 Nc6 5. d5 Nd4 6. Be3 Qb6 7. Rb1 Nxe2 8.
Bxe2 d6 9. Qd2 Bd7 10. O-O a5 11. h3 a4 12. a3 h6 13. f4 Nf6 14. Bf3 O-O 15.
g4 Qc7 16. Ne2 b5 17. c3 Nh7 18. f5 g5 19. h4 e5 20. hxg5 hxg5 21. Bxg5 Nxg5
22. Qxg5 f6 23. Qh4 Be8 24. Rf2 Rf7 25. Rh2 Kf8 26. Ng3 Ke7 27. Nh5 Bd7 28.
g5 Raf8 29. g6 c4 30. gxf7 Rxf7 31. Rf1 Qc5+ 32. Qf2 Qc7 33. Rg2 Kf8 34.
Nxg7 Rxg7 35. Rxg7 Kxg7 36. Qg3+ Kf7 37. Bh5+ Ke7 38. Qg7+ Kd8 39. Qf8+ Be8
40. Qxe8# {Black checkmated} 1-0